 Dungeon Crawl Stone Soup version 0.24.0-1-gfbc8707122 (webtiles) character file.

Game seed: 5668095238878406734, levelgen mode: deterministic

130 Froggeryz the Cutter (level 5, -3/34 HPs)
             Began as a Kobold Chaos Knight on Oct 26, 2019.
             Was a Plaything of Xom.
             Slain by an adder (6 damage)
             ... on level 2 of the Dungeon.
             The game lasted 00:03:21 (1645 turns).

Froggeryz the Cutter (Kobold Chaos Knight)          Turns: 1645, Time: 00:03:22

Health: -3/34      AC:  7    Str:  9    XL:     5   Next: 36%
Magic:  5/5        EV: 14    Int: 14    God:    Xom [..*...]
Gold:   139        SH:  0    Dex: 15    Spells: 4/4 levels left

rFire    . . .     SeeInvis .   a - +0 short sword (chaos)
rCold    . . .     Gourm    .   (shield restricted)
rNeg     . . .     Faith    .   b - +2 leather armour
rPois    .         Spirit   .   d - +0 helmet
rElec    .         Reflect  .   o - +0 cloak
rCorr    .         Harm     .   (no gloves)
MR       .....                  (no boots)
Stlth    +.........             (no amulet)
HPRegen  0.11/turn              (no ring)
MPRegen  0.09/turn              (no ring)

@: lethally poisoned (-3 -> -13)
A: small, carnivore
a: Renounce Religion


You were on level 2 of the Dungeon.
You worshipped Xom.
You were a toy of Xom.
You were very full.

You visited 1 branch of the dungeon, and saw 2 of its levels.

You collected 139 gold pieces.

Inventory:

Hand Weapons
 a - a +0 short sword of chaos (weapon)
Missiles
 n - 27 sling bullets
Armour
 b - a +2 leather armour (worn)
 d - a +0 helmet (worn)
 o - a +0 cloak (worn)
Scrolls
 e - a scroll of noise {unknown}
 f - a scroll of identify {unknown}
 i - a scroll of blinking {unknown}
 j - a scroll of remove curse {unknown}
Potions
 g - a potion of invisibility {unknown}
 h - 3 potions of flight {unknown}
 k - a potion of agility {unknown}
 l - a potion of brilliance {unknown}
 m - a potion of curing {unknown}
 p - a potion of heal wounds {unknown}
Comestibles
 c - 3 rations


   Skills:
 + Level 4.4 Fighting
 * Level 6.6 Short Blades
 - Level 0.7 Armour
 - Level 2.4 Dodging


You had 4 spell levels left.
You didn't know any spells.
Your spell library was empty.

Dungeon Overview and Level Annotations

Branches:
Dungeon (2/15)

Altars:


Innate Abilities, Weirdness & Mutations

You are small and have problems with some larger weapons.
You are carnivorous and can eat meat at any time.


Message History

You hit the adder but do no damage.
The adder is severely wounded.
You feel sick. The adder bites you.
* * * LOW HITPOINT WARNING * * *
The adder bites you but does no damage.
You miss the adder.
The adder is severely wounded.
The adder bites you.
* * * LOW HITPOINT WARNING * * *
You are more poisoned.
The adder poisons you!
Unknown command.
You barely miss the adder.
The adder is almost dead.
* * * LOW HITPOINT WARNING * * *
You feel sick. The adder bites you but does no damage.
You completely miss the adder.
The adder is almost dead.
The adder closely misses you. The adder bites you.
You die...

.............###
.......#+##.......##
.......#.##........#
.........##........#
.....###...........#
...................#####
.....##................#
................S...#
.........##.....@...#
..##......#.......#....#
...#............##..>###
..........##........##
...##......+........#
##.##......#........#
....................#
##.................##
...........#......##


You could see an adder (berserk).

Vanquished Creatures
  Jessica (D:2)
  Robin (D:2)
  2 adders (D:2)
  A worm (D:2)
  A leopard gecko (D:1)
  6 bats
  2 giant cockroaches (D:1)
  13 goblins
  9 hobgoblins
  7 kobolds
  4 ball pythons
  4 frilled lizards
  20 rats
71 creatures vanquished.

Vanquished Creatures (collateral kills)
  A kobold (D:1)
1 creature vanquished.

Vanquished Creatures (others)
  A goblin (D:2)
1 creature vanquished.

Grand Total: 73 creatures vanquished

Notes
Turn   | Place    | Note
-------+----------+-------------------------------------------
     0 | D:1      | Froggeryz the Kobold Chaos Knight began the quest for the
                  | Orb.
     0 | D:1      | Reached XP level 1. HP: 14/14 MP: 1/1
    54 | D:1      | XOM: harmless Erth miscast
    75 | D:1      | XOM: silly message
   100 | D:1      | Reached XP level 2. HP: 19/19 MP: 2/2
   240 | D:1      | XOM: divination: detect creatures
   287 | D:1      | XOM: potion effect (heal wounds)
   288 | D:1      | Reached XP level 3. HP: 24/24 MP: 3/3
   291 | D:1      | Reached skill level 5 in Short Blades
   920 | D:2      | Noticed Robin
   937 | D:2      | Killed Robin
   937 | D:2      | Reached XP level 4. HP: 24/29 MP: 4/4
   960 | D:2      | XOM: potion effect (curing)
   979 | D:2      | XOM: potion effect (invisibility)
  1195 | D:2      | XOM: noise
  1205 | D:2      | Reached skill level 6 in Short Blades
  1226 | D:2      | Noticed Jessica
  1271 | D:2      | Killed Jessica
  1271 | D:2      | Reached XP level 5. HP: 12/34 MP: 5/5
  1378 | D:2      | XOM: cloud trail
  1645 | D:2      | Slain by an adder

Levels and vault maps discovered:
D:1:      erik_arrival_orb_chamber, layout_basic, serial_glass, glass_columns_a,
          glass_columns_b
D:2:      layout_basic, uniq_robin, uniq_jessica

Skill      XL: |  1  2  3  4 |
---------------+-------------+-----
Short Blades   | 5 6 |  6.6
Fighting       | 4 |  4.4
Armour         | |  0.7
Dodging        | |  2.4

Action                   |  1- 3 |  4- 6 || total
-------------------------+-------+-------++-------
Melee: Short sword       |   100 |   121 ||   221
  Use: Potion            |     1 |       ||     1
 Stab: Paralysed         |     1 |       ||     1
       Sleeping          |     1 |     1 ||     2
       Invisible         |       |     4 ||     4
       Petrified         |       |     1 ||     1
       Petrifying        |       |     1 ||     1
  Eat: Chunk             |     7 |     2 ||     9
Armor: Leather armour    |    27 |    21 ||    48
       Skin              |    16 |   119 ||   135
Dodge: Dodged            |    59 |    66 ||   125
